Cogmind - Beta 17 @@@ ROGUE MODE // 2026.07.17 @ 13:59:09 Player: IsAway Result: Destroyed by Striker with Plasma Lance Performance ------------- Evolutions (5) 2500 Regions Visited (14) 2800 Robots Destroyed (97) 485 Value Destroyed (3417) 3417 Prototype IDs (33) 660 Alien Tech Used (0) 0 Bonus (1793) 1793 TOTAL SCORE: 11655 Bonus ------- Follower Combat Kills 245 Aligned with FarCom 300 Met Warlord at Base 500 MAIN.C Attacked Warlord 500 Warlord Defense Kills 248 Cogmind --------- Core Integrity 0/1000 Matter 300/300 Energy 276/360 System Corruption 7% Temperature Warm (182) Movement Core (150) Ox2 Location -5/Warlord Parts ------- > --- POWER (3) -------- Reinforced Fission Core Micro Antimatter Reactor > --- PROPULSION (5) --- (None) > --- UTILITY (5) ------ Advanced Cooling System Advanced Weight Redist. System Advanced Target Analyzer Improved Transmission Jammer > --- WEAPON (4) ------- (None) > --- INVENTORY (5) ---- Reinforced Fission Core Light Antimatter Reactor Antigrav System Huge Storage Unit Peak State ------------ > --- POWER ------------ Light Fission Core Micro Fission Core Micro Antimatter Reactor > --- PROPULSION ------- Antigrav System Antigrav System Antigrav System Improved Antigrav System Improved Antigrav System > --- UTILITY ---------- Advanced Cooling System Advanced Weight Redist. System Advanced Target Analyzer Improved Transmission Jammer Remote Shield > --- WEAPON ----------- Vortex Rail Vortex Rail Vortex Cannon Vortex Cannon > --- INVENTORY -------- Reinforced Fission Core Reinforced Fission Core Light Antimatter Reactor Antigrav System Huge Storage Unit [Rating: 114] Favorites ----------- Power Light Nuclear Core Engine Light Deuterium Engine Power Core Light Nuclear Core Reactor Light Particle Reactor Propulsion Aluminum Leg Treads Armored Heavy Treads Leg Aluminum Leg Hover Unit Antigrav System Utility Improved Cooling System Device Improved Cooling System Storage High-capacity Storage Unit Processor Advanced Target Analyzer Hackware Hacking Suite Protection Improved Light Armor Plating Weapon Heavy Beamcaster Energy Gun Heavy Beamcaster Energy Cannon Beam Cannon Ballistic Gun Assault Rifle Launcher Grenade Launcher Special Weapon Mining Laser Impact Weapon Great Maul Build | -11 -10 -10 -10 -9 -8 -7 -7 -7 -6 -5 -5 -5 -5 -5 ------- Run | Yrd Mat Min Exi Min Mat Fac Was Fac Fac Fac Was Fac Upp War Slots Evolved 10 | . . . . . 4 2 . . 2 2 . . . . Power 2 | . . . . . . 1 . . . 1 . . . . Propulsion 3 | . . . . . 2 1 . . . . . . . . Utility 3 | . . . . . 1 . . . 1 1 . . . . Weapon 2 | . . . . . 1 . . . 1 . . . . . Parts Attached 131 | 8 3 11 2 . 19 3 . 8 13 8 14 16 12 14 Power 22 | 1 . 3 . . 2 . . 2 3 3 3 2 1 2 Engine 6 | 1 . 1 . . . . . 1 1 2 . . . . Core 13 | . . 2 . . 2 . . 1 1 1 2 2 1 1 Reactor 3 | . . . . . . . . . 1 . 1 . . 1 Propulsion 38 | 2 . 5 . . 4 1 . 3 4 . 3 6 4 6 Treads 2 | . . . . . . . . . . . 1 1 . . Leg 30 | 2 . 5 . . 4 1 . 3 4 . 2 4 2 3 Wheel . | . . . . . . . . . . . . . . . Hover 6 | . . . . . . . . . . . . 1 2 3 Flight . | . . . . . . . . . . . . . . . Utility 30 | 2 1 2 1 . 5 . . 1 1 3 3 6 3 2 Device 20 | 1 . 2 . . 4 . . 1 1 1 3 3 3 1 Storage 5 | 1 1 . 1 . . . . . . 1 . 1 . . Processor 1 | . . . . . . . . . . . . . . 1 Hackware 1 | . . . . . 1 . . . . . . . . . Protection 3 | . . . . . . . . . . 1 . 2 . . Artifact . | . . . . . . . . . . . . . . . Weapon 41 | 3 2 1 1 . 8 2 . 2 5 2 5 2 4 4 Energy Gun 25 | 1 . . 1 . 3 2 . 2 2 2 5 2 3 2 Energy Cannon 9 | . 1 . . . 4 . . . 2 . . . . 2 Ballistic Gun 3 | 2 . . . . . . . . 1 . . . . . Ballistic Cannon . | . . . . . . . . . . . . . . . Launcher 1 | . 1 . . . . . . . . . . . . . Special Weapon 1 | . . 1 . . . . . . . . . . . . Impact Weapon 2 | . . . . . 1 . . . . . . . 1 . Slashing Weapon . | . . . . . . . . . . . . . . . Piercing Weapon . | . . . . . . . . . . . . . . . Special Melee Weapon . | . . . . . . . . . . . . . . . Unidentified Prototypes 10 | . . . . . 3 1 . . 1 2 . 1 . 2 Corrupted Parts 1 | . . . . . . . . . . . . . 1 . System Corruption 3 | . . . . . . . . . . . . . 3 . Parts Lost 38 | . . . . . 1 . . . 4 . 6 1 15 11 Power 5 | . . . . . . . . . 1 . 2 . . 2 Propulsion 18 | . . . . . 1 . . . 3 . 2 . 7 5 Utility 6 | . . . . . . . . . . . 2 1 2 1 Weapon 9 | . . . . . . . . . . . . . 6 3 Highest Loss Streak 11 | . . . . . 1 . . . 2 . 6 1 10 11 To Critical Strikes . | . . . . . . . . . . . . . . . Average Backups 12 | 3 8 14 15 16 17 19 20 19 19 19 6 5 6 3 Power 2 | . 1 1 3 4 3 1 1 2 3 3 . 1 1 1 Propulsion 2 | 1 4 5 5 5 2 4 6 4 3 1 . . 1 . Utility 4 | . 2 4 4 5 5 9 10 10 8 7 3 1 2 1 Weapon 2 | 1 1 2 1 2 4 4 2 2 4 6 2 2 2 1 Tool/Special . | . . . . . . . . . . . . . . . Unused Backups 32 | . . 2 5 . 3 3 . 5 1 2 8 2 . 1 Power 6 | . . . 1 . 3 . . . . . 2 . . . Propulsion 4 | . . 2 . . . 1 . . . . . . . 1 Utility 18 | . . . 3 . . 2 . 5 1 1 5 1 . . Weapon 3 | . . . 1 . . . . . . 1 . 1 . . Tool/Special 1 | . . . . . . . . . . . 1 . . . Average Slot Usage (%) 87 | . 100 100 100 100 91 97 95 89 99 96 55 94 78 67 Engine 1 | . 14 6 . . . . . . 3 . . . . . Core 9 | . . 8 14 14 9 14 12 8 7 7 7 10 10 10 Reactor 1 | . . . . . . . . . 1 4 2 5 2 . Leg 24 | . 28 28 28 28 35 38 38 38 32 29 7 18 17 . Hover 1 | . . . . . . . . . . . . . 1 11 Device 15 | . 14 14 14 14 17 7 7 7 12 14 11 21 21 25 Storage 6 | . 14 14 14 14 9 7 7 7 6 5 . 2 2 . Hackware 2 | . . . . . . 7 7 7 6 5 5 2 . . Energy Gun 17 | . 11 14 27 28 11 20 20 17 25 22 15 22 16 9 Energy Cannon 1 | . 12 10 . . 3 . . . . . . . . . Peak Build Rating 114 | 9 10 17 16 16 32 36 36 44 64 77 82 100 93 114 Average Rating 46 | 6 9 12 15 16 23 33 32 33 55 70 49 90 71 63 On Entrance 37 | . 9 10 14 16 16 29 36 27 44 64 74 82 90 55 Avg Prop Armor Cover (%) 7 | . . . . . . . . . . . 5 9 13 6 Naked Turns . | . . . . . . . . . . . . . . . Heaviest Build 151 | 15 32 31 51 51 63 58 58 63 77 89 92 151 151 74 Greatest Support 93 | 20 20 30 20 20 54 59 59 67 86 86 91 93 93 72 Greatest Overweight (x) 10 | 1 1 1 2 2 1 1 . 1 . 1 4 10 4 2 Average Overweight (x) . | . . 1 1 2 . . . . . . . . . . Largest Inventory Capacity 25 | 8 15 15 20 20 20 20 20 20 20 20 20 25 25 5 Average Capacity 15 | 7 13 15 18 20 20 20 20 20 20 20 6 14 15 5 Most Carried 20 | 5 12 15 16 16 20 20 20 20 20 20 20 7 10 5 Average Carried 12 | 4 8 14 15 16 17 19 19 19 19 19 6 5 6 3 Final Capacity 25 | 8 15 15 20 20 20 20 20 20 20 20 5 25 25 5 Final Carried 20 | 4 12 15 16 16 19 20 20 20 19 20 5 7 10 5 Class Distribution -------------------- 26% | Scavenger-Mutant 26% | Scavenger-Skirmisher 18% | Mutant 9% | Scavenger-Tank 6% | Skirmisher 5% | Infiltrator-Skirmisher 3% | Derelict-Tank Dominant Class ---------------- Mutant | -10/Materials Mutant | -10/Mines Scavenger-Mutant | -10/Exiles Scavenger-Mutant | -9/Mines Scavenger-Skirmisher | -8/Materials Scavenger-Skirmisher | -7/Factory Scavenger-Skirmisher | -7/Waste Scavenger-Mutant | -7/Factory Scavenger-Skirmisher | -6/Factory Infiltrator-Skirmisher | -5/Factory Mutant | -5/Waste Scavenger-Skirmisher | -5/Factory Scavenger-Tank | -5/Upper Caves Scavenger-Mutant | -5/Warlord Resources | -11 -10 -10 -10 -9 -8 -7 -7 -7 -6 -5 -5 -5 -5 -5 ----------- Run | Yrd Mat Min Exi Min Mat Fac Was Fac Fac Fac Was Fac Upp War Matter Collected 2688 | 304 80 295 60 . 283 52 . 100 191 88 307 371 351 206 Remotely . | . . . . . . . . . . . . . . . Salvage Created 5441 | 89 380 259 . . 527 175 . 305 460 . 1401 950 846 49 Parts 200 | 4 25 16 . . 39 8 . 14 22 . 17 29 23 3 Haulers Intercepted . | . . . . . . . . . . . . . . . Recyclers Shooed 5 | . 3 . . . . . . . . . . 2 . . Parts Field Recycled . | . . . . . . . . . . . . . . . Retrieved Matter . | . . . . . . . . . . . . . . . Parts Self-Destructed 15 | . . . . . . . . . . . . . 15 . Prevented 2 | . . . . . . . . . . . . . 2 . Parts Restored . | . . . . . . . . . . . . . . . Kills | -11 -10 -10 -10 -9 -8 -7 -7 -7 -6 -5 -5 -5 -5 -5 ------- Run | Yrd Mat Min Exi Min Mat Fac Was Fac Fac Fac Was Fac Upp War Combat Hostiles Destroyed 71 | . 9 8 . . 10 1 . 5 8 . 6 11 10 3 Melee 1 | . . . . . . . . . . . . . 1 . Guns 44 | . . 4 . . 6 1 . 5 8 . 3 10 5 2 Cannons 13 | . 6 4 . . 3 . . . . . . . . . AOE 4 | . 3 . . . . . . . . . . . . 1 Classes Destroyed 15 | 2 5 . . . 1 1 . 2 1 . 1 2 . . Worker 1 | . . . . . . . . 1 . . . . . . Builder 7 | . 1 . . . 2 . . . 3 . . 1 . . Tunneler 2 | 2 . . . . . . . . . . . . . . Recycler 8 | 1 2 . . . 1 2 . . . . . 2 . . Operator 2 | . 1 . . . . . . 1 . . . . . . Watcher 6 | . 2 . . . 1 . . 1 1 . . 1 . . Swarmer 15 | . 6 3 . . 3 . . . . . . 1 . 2 Grunt 25 | . 3 5 . . 3 . . 2 . . . 4 8 . Brawler 1 | . . . . . . . . . . . . 1 . . Duelist 1 | . . . . . . . . . . . . 1 . . Sentry 6 | . . . . . 4 . . . 2 . . . . . Hunter 4 | . . . . . . 1 . 1 2 . . . . . Programmer 12 | . . . . . . . . 2 3 . . 4 2 1 Heavy 1 | . . . . . . . . . 1 . . . . . Compactor 6 | . . . . . . . . . . . 6 . . . Best Kill Streak 14 | 3 14 3 . . 6 3 . 3 3 . 2 5 5 2 Combat Bots Only 9 | . 9 3 . . 4 1 . 3 2 . 2 4 5 2 Max Kills in Single Turn 3 | 1 3 1 . . 3 1 . 1 2 . 1 2 2 2 Gunslinging 1 | . . . . . 1 . . . . . . 1 . . Exploded 2 | . 2 . . . . . . . . . . . . 1 Melee 1 | . . . . . . . . . . . . . 1 . Uniques/NPCs Destroyed . | . . . . . . . . . . . . . . . Combat | -11 -10 -10 -10 -9 -8 -7 -7 -7 -6 -5 -5 -5 -5 -5 -------- Run | Yrd Mat Min Exi Min Mat Fac Was Fac Fac Fac Was Fac Upp War Hostile Shots Fired 480 | . 40 28 . . 34 2 1 54 75 . 6 45 122 73 Missed 131 | . 14 1 . . 10 . 1 14 23 . 1 15 29 23 Hits 349 | . 26 27 . . 24 2 . 40 52 . 5 30 93 50 Melee 21 | . . . . . . . . . . . 5 7 . 9 Projectile 328 | . 26 27 . . 24 2 . 40 52 . . 23 93 41 AOE 3 | . . . . . . . . . . . . 3 . . Critical Strikes 16 | . . 2 . . 1 . . . . . 2 2 7 2 Damage Taken 6454 | . 212 279 . . 318 . . 513 724 . 204 745 2174 1285 Core 1362 | . 38 52 . . 41 . . 63 153 . 32 52 695 236 Absorbed by Shields 400 | . . . . . . . . . . . . 219 162 19 Regen/Repaired (Parts) 680 | . . . . . . . . . 65 . 421 144 . 50 Core Remaining (%) 85 | 100 . . . 64 92 . . 91 82 . . . . . Volleys Fired 285 | 22 22 23 . . 35 3 2 25 20 . 51 30 42 10 Largest 4 | 2 2 2 . . 3 3 3 3 4 . 4 4 4 4 Hottest 324 | 50 110 110 . . 218 191 191 185 301 . 320 324 267 190 Shots Fired 661 | 26 31 42 . 1 75 9 6 57 80 . 120 99 86 29 Gun 574 | 26 6 19 . 1 46 9 6 57 80 . 120 99 86 19 Cannon 73 | . 22 19 . . 22 . . . . . . . . 10 Launcher 3 | . 3 . . . . . . . . . . . . . Special 11 | . . 4 . . 7 . . . . . . . . . Kinetic 8 | 8 . . . . . . . . . . . . . . Thermal 612 | 18 28 42 . 1 75 9 6 57 80 . 120 99 77 . Explosive 3 | . 3 . . . . . . . . . . . . . Electromagnetic 14 | . . . . . . . . . . . . . 9 5 Entropic 24 | . . . . . . . . . . . . . . 24 Robot Hit Streak 34 | 3 4 5 . . 7 5 11 17 19 . 34 10 10 3 Robot Miss Streak 9 | 3 2 3 . . 5 . . 2 5 . 7 9 3 2 Penetration Max 2 | . . . . . . . . . . . . . . 2 Secondary Targets 10 | . . . . . 1 . . 1 . . 2 4 2 . Max Gunslinging Chain 2 | . . . . . 1 . . 1 . . 1 2 1 . Shots Hit Robots 424 | 14 15 22 . . 38 4 6 43 55 . 99 50 64 14 Core Hits 192 | 3 19 11 . . 21 4 . 15 34 . 25 27 21 12 Critical Kills . | . . . . . . . . . . . . . . . Critical Parts Destroyed 2 | . . . . . . . . . . . . . 1 1 Critical Strikes 33 | 2 . 4 . . 2 . 1 1 3 . 2 6 9 3 Burn 29 | 2 . 4 . . 2 . 1 1 3 . 2 6 8 . Smash 1 | . . . . . . . . . . . . . 1 . Detonate 1 | . . . . . . . . . . . . . . 1 Sunder 2 | . . . . . . . . . . . . . . 2 Melee Attacks 9 | . . . . . 3 . . . 3 1 . . 2 . Impact 9 | . . . . . 3 . . . 3 1 . . 2 . Slashing . | . . . . . . . . . . . . . . . Piercing . | . . . . . . . . . . . . . . . Sneak Attacks . | . . . . . . . . . . . . . . . Combat Hostiles . | . . . . . . . . . . . . . . . Follow-up Attacks . | . . . . . . . . . . . . . . . Damage Inflicted 10536 | 170 492 327 . . 646 67 104 793 1315 . 2456 1331 1619 1216 Guns 8852 | 170 36 152 . . 463 67 104 793 1262 . 2456 1331 1531 487 Cannons 1151 | . 225 175 . . 183 . . . . . . . . 568 Explosions 392 | . 231 . . . . . . . . . . . . 161 Melee 88 | . . . . . . . . . . . . . 88 . Ramming 53 | . . . . . . . . . 53 . . . . . Kinetic 47 | 47 . . . . . . . . . . . . . . Thermal 9034 | 123 261 327 . . 646 67 104 793 1262 . 2456 1331 1503 161 Explosive 231 | . 231 . . . . . . . . . . . . . Electromagnetic 77 | . . . . . . . . . . . . . 28 49 Impact 88 | . . . . . . . . . . . . . 88 . Slashing . | . . . . . . . . . . . . . . . Piercing . | . . . . . . . . . . . . . . . Entropic 1006 | . . . . . . . . . . . . . . 1006 Highest Corruption 12 | . 3 3 3 3 3 . . 2 . . . 8 12 12 Average Corruption 4 | . 2 3 3 3 2 . . 1 . . . 5 8 9 Corruption Purged . | . . . . . . . . . . . . . . . Corruption Blocked . | . . . . . . . . . . . . . . . Effects 82 | . . 15 10 1 4 . . 4 . . . 14 28 6 Message Errors 18 | . . 2 5 . 2 . . 1 . . . . 6 2 Matter Fused 20 | . . 5 . . . . . . . . . 8 7 . Heat Flow Errors 9 | . . 3 1 . . . . 1 . . . 3 1 . Energy Discharges 7 | . . 2 2 . . . . . . . . 1 2 . Parts Fused 1 | . . . . . . . . . . . . . 1 . Data Loss (minor) 12 | . . . 1 . 1 . . 1 . . . 2 6 1 Data Loss (major) 8 | . . 2 1 . . . . . . . . . 2 3 Misfires 2 | . . . . 1 . . . . . . . . 1 . Alerts 3 | . . 1 . . 1 . . 1 . . . . . . Weapon Failures 2 | . . . . . . . . . . . . . 2 . Overload Shots 2 | . . . . . . . . . . . . 2 . . Overflow Damage 158 | . . . . . . . . . . . . . 44 114 Projectiles 114 | . . . . . . . . . . . . . . 114 Explosions . | . . . . . . . . . . . . . . . Melee 44 | . . . . . . . . . . . . . 44 . Knockbacks . | . . . . . . . . . . . . . . . Impact . | . . . . . . . . . . . . . . . Kinetic . | . . . . . . . . . . . . . . . Secondary . | . . . . . . . . . . . . . . . Self-Inflicted Damage . | . . . . . . . . . . . . . . . Shots . | . . . . . . . . . . . . . . . Rammed . | . . . . . . . . . . . . . . . Targets Rammed 2 | . . . . . . . . . 2 . . . . . Kicked 2 | . . . . . . . . . 2 . . . . . Crushed . | . . . . . . . . . . . . . . . Highest Temperature 682 | 90 320 364 188 . 432 287 258 418 336 . 227 447 682 220 Average Temperature 132 | 44 123 150 109 . 109 129 129 92 132 . 97 136 214 86 Received Heat Transfer 1161 | . 18 123 . . 153 . . 126 60 . . 57 525 99 Effects 39 | . 1 6 . . 1 . . 2 1 . . 4 24 . Shutdowns 17 | . . 1 . . . . . 1 1 . . 2 12 . Energy Bleed 8 | . 1 2 . . 1 . . 1 . . . 1 2 . Interference 5 | . . 3 . . . . . . . . . . 2 . Matter Decay 4 | . . . . . . . . . . . . . 4 . Short Circuit 2 | . . . . . . . . . . . . 1 1 . Damage (core) 3 | . . . . . . . . . . . . . 3 . Siege Activations . | . . . . . . . . . . . . . . . Martial Activations . | . . . . . . . . . . . . . . . Shielding Activations . | . . . . . . . . . . . . . . . Robots Disrupted . | . . . . . . . . . . . . . . . Combat Hostiles . | . . . . . . . . . . . . . . . Robots Corrupted . | . . . . . . . . . . . . . . . Combat Hostiles . | . . . . . . . . . . . . . . . Parts Fried . | . . . . . . . . . . . . . . . Impact Corruptions 2 | . . . . . . . . . 1 . . . 1 . Robots Melted 10 | 1 . . . . 1 . . . . . 3 1 4 . Combat Hostiles 9 | . . . . . 1 . . . . . 3 1 4 . Parts Melted 53 | 1 1 . . . 3 . . 9 16 . 3 13 7 . Heat Transferred 20679 | 518 592 1110 . . 1601 148 296 1702 2933 . 5825 2506 3298 150 Parts Sabotaged . | . . . . . . . . . . . . . . . Parts Stolen . | . . . . . . . . . . . . . . . Parts Stripped . | . . . . . . . . . . . . . . . Power Chain Reactions . | . . . . . . . . . . . . . . . Alert | -11 -10 -10 -10 -9 -8 -7 -7 -7 -6 -5 -5 -5 -5 -5 ------- Run | Yrd Mat Min Exi Min Mat Fac Was Fac Fac Fac Was Fac Upp War Maximum Alert Level 1 | . 1 . . . . . . . . . . 1 . . Low Security (%) 97 | 100 52 100 . 100 100 100 100 100 100 100 100 91 . . Level 1 2 | . 47 . . . . . . . . . . 8 . . Level 2 . | . . . . . . . . . . . . . . . Level 3 . | . . . . . . . . . . . . . . . Level 4 . | . . . . . . . . . . . . . . . Level 5 . | . . . . . . . . . . . . . . . High Security . | . . . . . . . . . . . . . . . Max Security . | . . . . . . . . . . . . . . . Peak Influence 244 | 10 244 148 . . 123 30 . 72 115 35 . 232 . . Initial 76 | . . 76 . . . . . . 16 35 . . . . Average 44 | 1 127 63 . . 35 2 . 14 39 4 . 138 . . Influence Increases 2590 | 15 276 253 . . 321 41 . 179 340 22 . 828 240 75 Destroy 0b10 Robot/C 1460 | . 180 160 . . 200 20 . 100 160 . . 380 200 60 Destroy 0b10 Robot/NC 150 | 15 30 . . . 20 10 . 15 20 . . 30 10 . Destroy Leader 354 | . 44 30 . . 52 10 . 42 72 . . 74 30 . Allied During Kill 229 | . . . . . . . . . . . . 229 . . Successful Hack 81 | . 7 . . . . 1 . 22 10 20 . 21 . . Disable Machine 60 | . 15 15 . . . . . . . . . 30 . . Destroy Structure 91 | . . 3 . . 19 . . . 3 2 . 64 . . Lose Combat Pursuer 165 | . . 45 . . 30 . . . 75 . . . . 15 Influence Decreases 2590 | 15 80 449 . . 321 41 . 145 301 95 . 730 338 75 Entered New Map 213 | . . 120 . . . . . . 18 38 . . 37 . Time Decay 1903 | 15 80 329 . . 297 41 . 145 253 57 . 440 191 55 Lost Part 180 | . . . . . 10 . . . 30 . . 10 110 20 Lost Ally 280 | . . . . . . . . . . . . 280 . . Purge Threat 14 | . . . . . 14 . . . . . . . . . Squads Dispatched 14 | . 2 . . . . 1 . 4 3 . . 4 . . Investigation 3 | . . . . . . 1 . 1 . . . 1 . . Extermination 6 | . . . . . . . . 1 3 . . 2 . . Reinforcement 5 | . 2 . . . . . . 2 . . . 1 . . Assault . | . . . . . . . . . . . . . . . Garrison . | . . . . . . . . . . . . . . . Intercept . | . . . . . . . . . . . . . . . Searches Triggered . | . . . . . . . . . . . . . . . Construction Impeded . | . . . . . . . . . . . . . . . Haulers Reinforced 1 | . . . . . . . . . . . . 1 . . Active Scanning Responses . | . . . . . . . . . . . . . . . Cargo Convoy Interrupts . | . . . . . . . . . . . . . . . Stealth | -11 -10 -10 -10 -9 -8 -7 -7 -7 -6 -5 -5 -5 -5 -5 --------- Run | Yrd Mat Min Exi Min Mat Fac Was Fac Fac Fac Was Fac Upp War Distress Signals 3 | . 1 . . . 1 . . 1 . . . . . . Communications Jammed 4 | . . . . . . . . . 2 . . 2 . . Distress Signals 2 | . . . . . . . . . . . . 2 . . Times Spotted 130 | . 12 9 . . 14 1 6 10 13 . 5 15 10 35 Peak Tracking Total 19 | . 7 3 . . 4 1 6 3 4 . 2 4 5 19 Tactical Retreats 7 | . . 1 . . 2 . . . 3 . . . . 1 Traps | -11 -10 -10 -10 -9 -8 -7 -7 -7 -6 -5 -5 -5 -5 -5 ------- Run | Yrd Mat Min Exi Min Mat Fac Was Fac Fac Fac Was Fac Upp War Traps Triggered 11 | . 2 . . . 2 1 . . 2 2 . 2 . . Indirectly . | . . . . . . . . . . . . . . . Trap Hack Attempts . | . . . . . . . . . . . . . . . Triggered . | . . . . . . . . . . . . . . . Disarmed . | . . . . . . . . . . . . . . . Reprogrammed . | . . . . . . . . . . . . . . . Reused . | . . . . . . . . . . . . . . . Traps Extracted . | . . . . . . . . . . . . . . . Installed . | . . . . . . . . . . . . . . . Triggered . | . . . . . . . . . . . . . . . Machines | -11 -10 -10 -10 -9 -8 -7 -7 -7 -6 -5 -5 -5 -5 -5 ---------- Run | Yrd Mat Min Exi Min Mat Fac Was Fac Fac Fac Was Fac Upp War Machines Disabled 5 | . 1 1 . . . . . . . . . 2 . 1 Max in Single Turn 1 | . 1 1 . . . . . . . . . 1 . 1 Garrison Access 2 | . . . . . . . . 2 . . . . . . Machines Repaired . | . . . . . . . . . . . . . . . Machines Dismantled . | . . . . . . . . . . . . . . . Machines Sabotaged . | . . . . . . . . . . . . . . . Overloaded Fab Kills . | . . . . . . . . . . . . . . . Hacking | -11 -10 -10 -10 -9 -8 -7 -7 -7 -6 -5 -5 -5 -5 -5 --------- Run | Yrd Mat Min Exi Min Mat Fac Was Fac Fac Fac Was Fac Upp War Machines Accessed 34 | . 1 1 1 . 5 5 . 6 5 3 . 2 . 5 Terminals 11 | . 1 1 . . 3 2 . 1 1 1 . 1 . . Fabricators 4 | . . . . . . 1 . 1 1 1 . . . . Repair Stations 3 | . . . . . . . . . 3 . . . . . Recycling Units 5 | . . . . . 1 1 . 1 . 1 . 1 . . Scanalyzers 3 | . . . . . 1 1 . 1 . . . . . . Garrison Access 2 | . . . . . . . . 2 . . . . . . Total Hacks 83 | . 1 2 1 . 13 18 . 11 12 9 . 4 . 12 Successful 47 | . 1 . 1 . 6 9 . 6 4 6 . 2 . 12 Failed 34 | . . 2 . . 6 8 . 5 8 3 . 2 . . Catastrophic 6 | . . 1 . . . 1 . . 1 2 . 1 . . Database Lockouts 2 | . . . . . 1 1 . . . . . . . . Manual 10 | . . 2 1 . 3 . . . . 3 . . . 1 Terminals 28 | . 1 2 . . 8 5 . 3 2 5 . 2 . . Fabricators 10 | . . . . . . 4 . 2 3 1 . . . . Repair Stations 7 | . . . . . . . . . 7 . . . . . Recycling Units 9 | . . . . . 2 1 . 1 . 3 . 2 . . Scanalyzers 12 | . . . . . 3 8 . 1 . . . . . . Garrison Access 4 | . . . . . . . . 4 . . . . . . Terminal Hacks 24 | . 1 . 1 . 2 1 . 1 1 3 . 2 . 12 Record 16 | . . . . . . 1 . 1 1 . . 2 . 11 Part Schematic 1 | . . . . . . . . . . 1 . . . . Open Door 1 | . . . . . . . . . . . . . . 1 Branch Access Points 1 | . 1 . . . . . . . . . . . . . Recycling Unit Index 1 | . . . . . . . . . . 1 . . . . Scanalyzer Index 1 | . . . . . . . . . . 1 . . . . Alert Level 1 | . . . . . 1 . . . . . . . . . Unreport Threat 1 | . . . . . 1 . . . . . . . . . Proto ID Catalog 1 | . . . 1 . . . . . . . . . . . Fabricator Hacks 3 | . . . . . . 1 . 2 . . . . . . Load Schematic 2 | . . . . . . 1 . 1 . . . . . . Build 1 | . . . . . . . . 1 . . . . . . Repair Station Hacks 3 | . . . . . . . . . 3 . . . . . Scan Component 2 | . . . . . . . . . 2 . . . . . Repair 1 | . . . . . . . . . 1 . . . . . Recycling Unit Hacks 6 | . . . . . 2 . . 1 . 3 . . . . Report Inventory 2 | . . . . . . . . 1 . 1 . . . . Retrieve Matter 1 | . . . . . . . . . . 1 . . . . Retrieve Components 3 | . . . . . 2 . . . . 1 . . . . Scanalyzer 9 | . . . . . 2 7 . . . . . . . . Insert Component 3 | . . . . . . 3 . . . . . . . . Analyze 3 | . . . . . . 3 . . . . . . . . Retrieve Study 3 | . . . . . 2 1 . . . . . . . . Garrison Access Hacks 2 | . . . . . . . . 2 . . . . . . Seal Access 2 | . . . . . . . . 2 . . . . . . Unauthorized Hacks . | . . . . . . . . . . . . . . . Terminals . | . . . . . . . . . . . . . . . Fabricators . | . . . . . . . . . . . . . . . Repair Stations . | . . . . . . . . . . . . . . . Recycling Units . | . . . . . . . . . . . . . . . Scanalyzers . | . . . . . . . . . . . . . . . Garrison Access . | . . . . . . . . . . . . . . . Data Cores Recovered . | . . . . . . . . . . . . . . . Used . | . . . . . . . . . . . . . . . Hacking Detections 25 | . 1 1 . . 4 5 . 5 5 2 . 2 . . Full Trace Events 3 | . . . . . . 1 . 1 . . . 1 . . Feedback Events . | . . . . . . . . . . . . . . . Feedback Blocked . | . . . . . . . . . . . . . . . Robot Schematics Acquired . | . . . . . . . . . . . . . . . Robots Built . | . . . . . . . . . . . . . . . Authchips . | . . . . . . . . . . . . . . . Time . | . . . . . . . . . . . . . . . Total Robot Build Rating . | . . . . . . . . . . . . . . . Part Schematics Acquired 4 | . . . . . . 3 . . . 1 . . . . Parts Built 1 | . . . . . . . . 1 . . . . . . Authchips . | . . . . . . . . . . . . . . . Time 58 | . . . . . . . . 58 . . . . . . Total Part Build Rating 3 | . . . . . . . . 3 . . . . . . Part Studies Acquired 3 | . . . . . 2 1 . . . . . . . . Parts Repaired 1 | . . . . . . . . . 1 . . . . . Time 22 | . . . . . . . . . 22 . . . . . Parts Recycled . | . . . . . . . . . . . . . . . Recycled Matter . | . . . . . . . . . . . . . . . Retrieved Matter . | . . . . . . . . . . . . . . . Retrieved Components 2 | . . . . . . . . . . 2 . . . . Parts Scanalyzed 3 | . . . . . . 3 . . . . . . . . Part Schematics Acquired 3 | . . . . . . 3 . . . . . . . . Parts Damaged . | . . . . . . . . . . . . . . . Bothacking | -11 -10 -10 -10 -9 -8 -7 -7 -7 -6 -5 -5 -5 -5 -5 ------------ Run | Yrd Mat Min Exi Min Mat Fac Was Fac Fac Fac Was Fac Upp War Used RIF Installer . | . . . . . . . . . . . . . . . Robots Hacked . | . . . . . . . . . . . . . . . Non-combat . | . . . . . . . . . . . . . . . Combat . | . . . . . . . . . . . . . . . Robot Hacks Applied . | . . . . . . . . . . . . . . . Relay Couplers Released . | . . . . . . . . . . . . . . . Fabnet Peak Effective % . | . . . . . . . . . . . . . . . Robots Rewired . | . . . . . . . . . . . . . . . Allies Hacked 2 | . . . . . . . . . . . . 2 . . Hacks Repelled . | . . . . . . . . . . . . . . . Allies | -11 -10 -10 -10 -9 -8 -7 -7 -7 -6 -5 -5 -5 -5 -5 -------- Run | Yrd Mat Min Exi Min Mat Fac Was Fac Fac Fac Was Fac Upp War Total Allies 19 | . . . . . . . 1 . . . 18 . . . Largest Group 18 | . . . . . . . 1 . . . 18 18 . . Highest-Rated Group 638 | . . . . . . . 31 . . . 638 638 . . Highest-Rated Ally 50 | . . . . . . . 31 . . . 50 50 . . Total Orders . | . . . . . . . . . . . . . . . Ally Attacks 80 | . . . . . . . 4 . . . . 76 . . Total Damage 1600 | . . . . . . . 88 . . . . 1512 . . Kills 11 | . . . . . . . . . . . . 11 . . Allies Corrupted 3 | . . . . . . . . . . . . 3 . . Allies Melted . | . . . . . . . . . . . . . . . Intel | -11 -10 -10 -10 -9 -8 -7 -7 -7 -6 -5 -5 -5 -5 -5 ------- Run | Yrd Mat Min Exi Min Mat Fac Was Fac Fac Fac Was Fac Upp War Active Infowar (turns) 6006 | 91 240 344 . . 1115 . 34 520 1263 411 440 1223 325 . Sensors 1 | . . . . . 1 . . . . . . . . . Terrain 1047 | 91 240 344 . . 372 . . . . . . . . . Structural 1952 | . . . . . 742 . 34 520 . 245 387 24 . . Jamming 3660 | . . . . . . . . . 1263 410 439 1223 325 . Robot Analysis Total . | . . . . . . . . . . . . . . . Derelict Logs Recovered 5 | . . 2 . 1 . . . . . . . . 2 . Drone Launches . | . . . . . . . . . . . . . . . Drone Recoveries . | . . . . . . . . . . . . . . . Exploration | -11 -10 -10 -10 -9 -8 -7 -7 -7 -6 -5 -5 -5 -5 -5 ------------- Run | Yrd Mat Min Exi Min Mat Fac Was Fac Fac Fac Was Fac Upp War Turns Passed 10519 | 183 240 830 677 89 1409 472 96 744 1264 411 1204 1223 706 971 Spaces Moved 5955 | 105 99 361 277 35 424 308 73 513 778 238 681 544 446 1073 Core 126 | 13 . . . . . . . . . . 5 . 108 . Treads 395 | . . . . . . . . . . . 238 157 . . Legs 4202 | 92 99 361 277 35 424 308 73 513 778 238 438 387 169 10 Wheels . | . . . . . . . . . . . . . . . Hover 1232 | . . . . . . . . . . . . . 169 1063 Flight . | . . . . . . . . . . . . . . . Fastest Speed 44 | 50 120 190 190 260 120 120 120 113 112 116 100 114 56 44 Average Speed 135 | 113 163 190 240 260 171 140 120 117 113 141 141 183 119 71 Slowest Speed 805 | 120 190 190 260 260 190 190 120 186 116 186 250 805 385 190 Overloaded Moves . | . . . . . . . . . . . . . . . Propulsion Burnouts . | . . . . . . . . . . . . . . . Robots Hopped . | . . . . . . . . . . . . . . . Potential Cave-ins . | . . . . . . . . . . . . . . . Cave-ins Triggered . | . . . . . . . . . . . . . . . Exploration Rate (%) 39 | 3 30 73 65 8 49 7 66 19 24 5 97 12 45 94 Regions Visited 14 Branch Regions 5 Pre-discovered Areas 1 | . . . . . . . . . . . . . 1 . Known Exits Taken 1 | . 1 . . . . . . . . . . . . . Unknown Exits Taken 9 | 1 . 1 1 1 1 . . 1 1 . . 1 1 . Scrap Searched 2 | . . 1 . . . . . . . . . . 1 . Spaces Dug 17 | . . 3 . . 10 . . . 2 1 . 1 . . Terrain Destroyed 46 | . . 3 . . 17 . . . 2 1 . 1 . 22 Melee 6 | . . . . . 3 . . . 2 1 . . . . Projectile 40 | . . 3 . . 14 . . . . . . 1 . 22 AOE . | . . . . . . . . . . . . . . . Terrain Rammed . | . . . . . . . . . . . . . . . Walls Destroyed . | . . . . . . . . . . . . . . . Machines Disabled . | . . . . . . . . . . . . . . . Actions | -11 -10 -10 -10 -9 -8 -7 -7 -7 -6 -5 -5 -5 -5 -5 --------- Run | Yrd Mat Min Exi Min Mat Fac Was Fac Fac Fac Was Fac Upp War Total 7826 | 139 145 456 292 34 1023 345 78 605 1091 311 798 704 546 1259 Wait 1143 | . 9 37 . . 505 8 . 32 247 39 28 85 19 134 Move 5943 | 104 98 360 276 34 423 308 72 512 777 238 680 543 445 1073 Hop . | . . . . . . . . . . . . . . . Pick Up 103 | 5 9 8 7 . 9 9 . 12 7 6 8 8 10 5 Fast Attach 76 | 6 . . . . 5 3 . 2 11 8 7 17 6 11 Attach 60 | 1 . . . . 9 3 . 3 5 4 10 4 10 11 Detach 28 | . . . . . 8 2 1 . . 2 4 1 4 6 Swap 65 | 1 5 16 2 . 16 . 1 6 6 4 6 1 1 . Drop 110 | . 2 12 7 . 10 9 2 13 13 9 4 15 5 9 Fire 285 | 22 22 23 . . 35 3 2 25 20 . 51 30 42 10 Melee 9 | . . . . . 3 . . . 3 1 . . 2 . Ram . | . . . . . . . . . . . . . . . Kick 2 | . . . . . . . . . 2 . . . . . Crush . | . . . . . . . . . . . . . . . Escape Stasis . | . . . . . . . . . . . . . . . Rewire 2 | . . . . . . . . . . . . . 2 . Trap . | . . . . . . . . . . . . . . . Miscellaneous . | . . . . . . . . . . . . . . . Route ------- -11/Scrapyard -10/Materials (discovered 2 exits: *Min x2) -10/Mines (discovered 3 exits: Mat / *Exi / [*Sub]) -10/Exiles -9/Mines -8/Materials -7/Factory -7/Waste -7/Factory -6/Factory -5/Factory -5/Waste -5/Factory -5/Upper Caves -5/Warlord (discovered 1 exit: [*Pro]) History --------- Turn | Location | Event 11 | -11/Scrapyard | Discovered new exit (range 15) 184 | -11/Scrapyard | Entered Materials 312 | -10/Materials | Build established: Mutant 343 | -10/Materials | Destroyed 9 combat bots 380 | -10/Materials | Identified exit to Mines 424 | -10/Materials | Entered Mines 432 | -10/Mines | YI-UF0 nonchalantly dropped a Grenade Launcher on the ground 642 | -10/Mines | Discovered new exit (range 14) 838 | -10/Mines | Identified exit to Materials 1160 | -10/Mines | Deemed a non-threat by the Exiles lab entrance 1162 | -10/Mines | Discovered new exit (range 5) 1200 | -10/Mines | Found a damaged Exp. Sensor Array with a note attached 1204 | -10/Mines | Found Prototype Device 1254 | -10/Mines | Entered Exiles 1308 | -10/Exiles | Met 8R-AWN 1338 | -10/Exiles | Met EX-HEX 1507 | -10/Exiles | Met EX-BIN 1549 | -10/Exiles | Aligned with FarCom system 1552 | -10/Exiles | Given EX-Vault access code 1585 | -10/Exiles | Build established: Scavenger-Mutant 1614 | -10/Exiles | Opened EX-Vault 1630 | -10/Exiles | Found Latent Energy Streamer 1680 | -10/Exiles | Warned to stay clear of 0b10 Research branches 1750 | -10/Exiles | Met EX-DEC 1903 | -10/Exiles | Discovered new exit (range 14) 1931 | -10/Exiles | Left Exiles lab with Latent Energy Streamer 1931 | -10/Exiles | Entered Mines 2004 | -9/Mines | Discovered new exit (range 7) 2007 | -9/Mines | Learned Materials garrison access intel 2020 | -9/Mines | Entered Materials 2020 | -8/Materials | Evolved 4 slots: Propulsion x2, Utility x1, Weapon x1 2021 | -8/Materials | Loaded intel: 1 garrison access location 2022 | -8/Materials | Identified Exp. Sensor Array 2392 | -8/Materials | Build established: Scavenger-Skirmisher 2490 | -8/Materials | Central database locked down 3187 | -8/Materials | Build established: Scavenger-Mutant 3393 | -8/Materials | Discovered new exit (range 14) 3429 | -8/Materials | Entered Factory 3429 | -7/Factory | Evolved 2 slots: Power x1, Propulsion x1 3598 | -7/Factory | Central database locked down 3677 | -7/Factory | Discovered new exit (range 16) 3882 | -7/Factory | Build established: Scavenger-Skirmisher 3901 | -7/Factory | Sucked down chute 3901 | -7/Factory | Entered Waste 3902 | -7/Waste | Met a frightened Derelict 3911 | -7/Waste | Spotted C-40 Crusher 3912 | -7/Waste | Spotted C-40 Crusher 3925 | -7/Waste | Spotted C-40 Crusher 3936 | -7/Waste | Spotted C-40 Crusher 3944 | -7/Waste | Spotted C-40 Crusher 3966 | -7/Waste | Spotted C-40 Crusher 3979 | -7/Waste | Discovered new exit (range 16) 3997 | -7/Waste | Entered Factory 4272 | -7/Factory | Build established: Scavenger-Mutant 4469 | -7/Factory | Fabricated Prc. Beam Rifle? 4705 | -7/Factory | Discovered new exit (range 7) 4741 | -7/Factory | Entered another Factory area 4741 | -6/Factory | Evolved 2 slots: Utility x1, Weapon x1 5023 | -6/Factory | Build established: Scavenger-Skirmisher 5732 | -6/Factory | Repaired Imp. Cooling System 5986 | -6/Factory | Build established: Skirmisher 5991 | -6/Factory | Discovered new exit (range 13) 6005 | -6/Factory | Entered another Factory area 6005 | -5/Factory | Evolved 2 slots: Power x1, Utility x1 6416 | -5/Factory | Sucked down chute 6416 | -5/Factory | Entered Waste 6468 | -5/Waste | Spotted C-40 Crusher 6472 | -5/Waste | Destroyed C-40 Crusher 6475 | -5/Waste | Build established: Infiltrator-Skirmisher 6498 | -5/Waste | Spotted C-40 Crusher 6500 | -5/Waste | Destroyed C-40 Crusher 6508 | -5/Waste | Spotted C-40 Crusher 6511 | -5/Waste | Destroyed C-40 Crusher 6514 | -5/Waste | Spotted C-40 Crusher 6514 | -5/Waste | Spotted C-40 Crusher 6522 | -5/Waste | Spotted C-40 Crusher 6525 | -5/Waste | Crushed by Compactor (1 part destroyed, 2 dropped) 6528 | -5/Waste | Crushed by Compactor (1 part destroyed, 2 dropped) 6531 | -5/Waste | Crushed by Compactor (1 part destroyed, 2 dropped) 6534 | -5/Waste | Crushed by Compactor (1 part destroyed, 2 dropped) 6536 | -5/Waste | Destroyed C-40 Crusher 6542 | -5/Waste | Crushed by Compactor (1 part destroyed, 1 dropped) 6573 | -5/Waste | Lost 6 parts (2p2n2u) 6927 | -5/Waste | Destroyed C-40 Crusher 6967 | -5/Waste | Build established: Mutant 7170 | -5/Waste | Destroyed C-40 Crusher 7353 | -5/Waste | Warlord forces began an assault 7546 | -5/Waste | Discovered new exit (range 15) 7620 | -5/Waste | Entered Factory 7620 | -5/Factory | Accompanied by 18 allies 7738 | -5/Factory | Lost 4 allies 8055 | -5/Factory | Lost 3 allies 8100 | -5/Factory | Build established: Derelict-Tank 8143 | -5/Factory | P-70 Sage assimilated allied 2U-TSB(g) 8200 | -5/Factory | Lost 7 allies 8426 | -5/Factory | Discovered new exit (range 10) 8533 | -5/Factory | Build established: Scavenger-Skirmisher 8843 | -5/Factory | Entered Upper Caves 8958 | -5/Upper Caves | Learned location of Warlord (-5) 8962 | -5/Upper Caves | Build established: Scavenger-Tank 9106 | -5/Upper Caves | Learned Factory stockpile data 9168 | -5/Upper Caves | Core integrity fell below 50% 9301 | -5/Upper Caves | Lost 10 parts (7n3w) 9452 | -5/Upper Caves | System corruption reached 10% 9547 | -5/Upper Caves | A Derelict revealed a hidden shortcut to "reach the base" 9549 | -5/Upper Caves | Entered Warlord 9591 | -5/Warlord | Discovered new exit (range 8) 9624 | -5/Warlord | System corruption cleaned by Quarantine Array 9704 | -5/Warlord | Build established: Scavenger-Mutant 9993 | -5/Warlord | Met Warlord 9997 | -5/Warlord | Warlord's base attacked by MAIN.C 10044 | -5/Warlord | Found Prototype Energy Gun 10044 | -5/Warlord | Identified Vortex Rail 10047 | -5/Warlord | Found Vortex Rail 10061 | -5/Warlord | Found Prototype Energy Cannon 10063 | -5/Warlord | Found Prototype Energy Cannon 10065 | -5/Warlord | Identified Vortex Cannon (x2) 10337 | -5/Warlord | Build established: Scavenger-Tank 10347 | -5/Warlord | Warlord forces counterattacked 10455 | -5/Warlord | P-70 Sage assimilated allied 6H-33T(g) 10460 | -5/Warlord | Spotted Striker 10489 | -5/Warlord | Spotted Striker 10489 | -5/Warlord | Spotted Striker 10490 | -5/Warlord | Core integrity fell below 20% 10517 | -5/Warlord | Spotted Executioner 10520 | -5/Warlord | Destroyed by Striker with Plasma Lance Last Messages --------------- Vortex penetrates Striker. Striker suffers critical hit (Sunder). Striker Lgt. Quantum Reactor ripped off. P-80 Master resets G-50 Soldier, system corruption cleaned. G-50 Soldier suffers critical hit (Burn). AFD3=FYZP>